 Dungeon Crawl Stone Soup version 0.23-a0-494-g91793a9 (webtiles) character file.

578 zishaf the Insei (level 7, -4/36 HPs)
             Began as a Vine Stalker Transmuter on Dec 3, 2018.
             Was a Follower of Ashenzari.
             Slain by an ice beast (8 damage)
             ... on level 5 of the Dungeon.
             The game lasted 00:09:26 (4217 turns).

zishaf the Insei (Vine Stalker Transmuter)          Turns: 4217, Time: 00:09:28

Health: -4/36      AC:  8    Str: 14    XL:     7   Next: 36%
Magic:  0/11       EV: 12    Int: 14    God:    Ashenzari [*.....]
Gold:   149        SH:  0    Dex: 14    Spells: 2/10 levels left

rFire    . . .     SeeInvis .   a - +3 falchion (slice)
rCold    . . .     Gourm    .   (no shield)
rNeg     . . .     Faith    .   o - +0 ring mail
rPois    .         Spirit   +   l - +0 helmet
rElec    .         Reflect  .   (no cloak)
rCorr    .         Harm     .   D - +1 pair of gloves
MR       +....                  (no boots)
Stlth    +.........             (no amulet)
HPRegen  0.52/turn              c - ring of protection from magic
MPRegen  0.12/turn              (no ring)

@: no status effects
A: fangs 2, regeneration 1, magic shield, antimagic bite, no potion heal 3, rot
immunity
a: Curse Item, Scrying, Renounce Religion


You were on level 5 of the Dungeon.
You worshipped Ashenzari.
Ashenzari was aware of your devotion.
You were hungry.

You visited 1 branch of the dungeon, and saw 5 of its levels.

You collected 149 gold pieces.

Inventory:

Hand Weapons
 a - a +3 falchion of slicing (weapon)
 b - a +0 hunting sling of flaming
 y - a +0 blowgun
Missiles
 f - a throwing net (quivered)
 r - 16 poisoned needles
 s - 47 arrows
 A - 42 sling bullets
 B - 85 stones
Armour
 l - a +0 helmet (worn)
 o - a +0 ring mail (worn)
 q - a +0 robe
 D - a +1 pair of gloves (worn)
Jewellery
 c - a ring of protection from magic (left hand)
Scrolls
 e - a scroll of enchant weapon
 g - a scroll of teleportation
 j - 2 scrolls of blinking
 t - a scroll of amnesia
 u - a scroll of remove curse
 v - a scroll of identify
Potions
 h - 2 potions of lignification {unknown}
 i - 2 potions of degeneration {unknown}
 k - a potion of curing {unknown}
 m - a potion of resistance {unknown}
 n - 3 potions of cancellation {unknown}
 p - a potion of flight {unknown}
 w - 2 potions of might {unknown}
 z - a potion of heal wounds {unknown}
 C - a potion of mutation {unknown}
Comestibles
 d - 9 rations
 x - 6 chunks of flesh


   Skills:
 + Level 3.4 Fighting
 + Level 3.4 Dodging
 + Level 4.8 Unarmed Combat
 - Level 2.1 Spellcasting
 + Level 4.2 Transmutations


You had 2 spell levels left.
You knew the following spells:

 Your Spells              Type           Power        Failure   Level  Hunger
a - Beastly Appendage     Tmut           ##....       9%          1    #......
b - Sticks to Snakes      Tmut           ##......     13%         2    ###....
c - Blade Hands           Tmut           ##........   93%         5    ######.

Your spell library contained the following spells:

 Spells                   Type           Power        Failure   Level  Hunger
 Spider Form              Tmut/Pois      #.........   52%         3    ###....
 Ice Form                 Ice/Tmut       #.......     90%         4    #####..


Dungeon Overview and Level Annotations

Branches:
Dungeon (5/15)             Temple (0/1) D:5

Altars:
Ashenzari
Cheibriados
Gozag
Makhleb
Okawaru
Uskayaw

Portals:
Sewer: D:5


Innate Abilities, Weirdness & Mutations

You have extremely sharp teeth.
Your natural rate of healing is unusually fast.
When hurt, damage is shared between your health and your magic reserves.
Your bite disrupts and absorbs the magic of your enemies.
Potions cannot restore your health.
You are immune to rotting.


Message History

The worker ant is almost dead.
The worker ant bites you but does no damage.
The worker ant closely misses you.
You riposte.
You closely miss the worker ant. Your punch misses the worker ant.
You bite the worker ant. You drain its power.
You feel invigorated.
The worker ant is almost dead.
You slash the worker ant!
You kill the worker ant!
The ice beast closely misses you.
You barely miss the ice beast. The ice beast barely misses you.
You closely miss the ice beast.
You bite the ice beast, but do no damage.
The ice beast hits you. The ice beast freezes you!
You barely miss the ice beast. The ice beast hits you.
The ice beast freezes you!
* * * LOW HITPOINT WARNING * * *
The ice beast hits you.
* * * LOW HITPOINT WARNING * * *
The ice beast freezes you!
You die...

...........#.......#.#
.........#............#
##########........#..#...>...#.#
........)......................#
#.#######........#...#.(.....#.##
#.#≈r≈≈≈#......###...............
#.#rr∩≈≈#.#...## #.#.#.#%#?#.#.#
#.#≈≈wr≈#.#...####.#...........#
#.# ≈≈≈≈#......Y@[....#........##
..#+#####.....####..#.##.#..##...
........../.........#...$........
....................###..........
.#..................# #.##.##....
....##.####...#####.# #..>.##....
.......# #...... ..# #.#####÷###
..####.# #...### ### #.#####.# .)
..# #...# #.......###


You could see an ice beast.

Vanquished Creatures
  An ogre (D:4)
  A scorpion (D:4)
  3 hounds
  3 orc wizards
  4 worker ants
  11 adders
  A worm (D:3)
  A dart slug (D:1)
  A leopard gecko (D:1)
  7 orcs
  8 giant cockroaches
  6 goblins
  5 hobgoblins
  6 jackals (D:3)
  7 kobolds
  A quokka (D:3)
  7 bats
  5 frilled lizards
  A leopard gecko skeleton (D:4)
  10 rats
89 creatures vanquished.

Notes
Turn   | Place    | Note
-------+----------+-------------------------------------------
     0 | D:1      | zishaf the Vine Stalker Transmuter began the quest for the
                  | Orb.
     0 | D:1      | Reached XP level 1. HP: 9/9 MP: 4/4
     3 | D:1      | Noticed an electric eel
     3 | D:1      | Noticed an electric eel
    63 | D:1      | Reached skill level 1 in Fighting
   403 | D:1      | Reached XP level 2. HP: 14/14 MP: 6/6
   720 | D:1      | Learned a level 2 spell: Sticks to Snakes
  1018 | D:2      | Reached XP level 3. HP: 15/18 MP: 5/7
  1074 | D:2      | Found a snail-covered altar of Cheibriados.
  1123 | D:2      | Found a shattered altar of Ashenzari.
  1439 | D:2      | Found an iron altar of Okawaru.
  1506 | D:2      | Gained mutation: Your natural rate of healing is unusually
                  | fast. [Vine Stalker growth]
  1506 | D:2      | Reached XP level 4. HP: 23/23 MP: 8/8
  2000 | D:2      | Became a worshipper of Ashenzari the Shackled
  2372 | D:3      | Reached XP level 5. HP: 23/26 MP: 6/9
  2636 | D:3      | Found an opulent altar of Gozag.
  3024 | D:3      | Found a burning altar of Makhleb.
  3189 | D:4      | Found a hide-covered altar of Uskayaw.
  3232 | D:4      | Learned a level 5 spell: Blade Hands
  3353 | D:4      | Reached XP level 6. HP: 25/32 MP: 6/10
  3771 | D:4      | Reached * piety under Ashenzari
  3821 | D:4      | Reached XP level 7. HP: 25/36 MP: 7/11
  4054 | D:5      | Entered Level 5 of the Dungeon
  4123 | D:5      | Found a staircase to the Ecumenical Temple.
  4187 | D:5      | Found a glowing drain.
  4217 | D:5      | Slain by an ice beast

Vault maps used:
D:1:      arrival_aquarium_b
D:2:      lemuel_coloured_pillars_altar, old_standard_altar, old_standard_altar,
          minmay_stone_trees_small
D:3:      nicolae_gozag_seed_capital, makhleb_heckhound_becter,
          chequers_serial_rivers_room_b, minmay_misc_feat_encased
D:4:      eat_drink_and_be_merry_uskayaw
D:5:      lemuel_round_altar, minmay_temple_entry_glass, portal_sewer_entry_c,
          serial_shops, shop, shop, shop, nicolae_shop_statue_plus,
          kennysheep_mini_moat, first_ration, uniq_crazy_yiuf_cottage,
          uniq_duvessa

Skill      XL: |  1  2  3  4  5  6 |
---------------+-------------------+-----
Fighting       | 1 2 3 |  3.4
Dodging        | 2 3 |  3.4
Transmutations | 3 4 |  4.2
Unarmed Combat | 4 |  4.8
Spellcasting   | |  2.1

Action                   |  1- 3 |  4- 6 |  7- 9 || total
-------------------------+-------+-------+-------++-------
Melee: Unarmed           |    96 |   194 |       ||   290
       Bite              |    14 |    62 |    14 ||    90
       Punch             |     2 |     3 |     2 ||     7
       Falchion          |       |    41 |    41 ||    82
 Fire: Hunting sling     |       |       |     1 ||     1
  Use: Scroll            |       |       |     5 ||     5
 Stab: Sleeping          |     1 |     2 |       ||     3
  Eat: Chunk             |     2 |     8 |       ||    10
Armor: Robe              |    23 |    29 |       ||    52
       Ring mail         |       |     9 |    18 ||    27
Dodge: Dodged            |    68 |   147 |    27 ||   242
       Rpst.: Falchion   |       |    10 |     6 ||    16

Table legend:
 A = Non-vault XP
 B = Vault XP
 C = Vault XP percentage of total XP
 D = Non-vault monster count
 E = Vault monster count
 F = Vault count percentage of total count
                 A         B        C        D         E       F
            +---------+---------+-------+---------+---------+-------
      Total |     785 |      42 |   5.1 |      88 |       1 |   1.1
            +---------+---------+-------+---------+---------+-------
        D:1 |      30 |       0 |   0.0 |      17 |       0 |   0.0
        D:2 |      74 |       0 |   0.0 |      17 |       0 |   0.0
        D:3 |     144 |      42 |  22.6 |      33 |       1 |   2.9
        D:4 |     332 |       0 |   0.0 |      10 |       0 |   0.0
        D:5 |     205 |       0 |   0.0 |      11 |       0 |   0.0
            +---------+---------+-------+---------+---------+-------
